 Dungeon Crawl Stone Soup version 0.30.2 (webtiles) character file.

Game seed: 13032537749037167072

151715 mopl the Brawler (level 17, -4/146 HPs)
             Began as a Hill Orc Transmuter on Feb 26, 2024.
             Was the Champion of Nemelex Xobeh.
             Slain by a spark wasp (15 damage)
             ... on level 3 of the Spider Nest on Feb 27, 2024.
             The game lasted 01:27:59 (33582 turns).

mopl the Brawler (Hill Orc Transmuter)             Turns: 33582, Time: 01:28:01

Health: -4/146     AC: 14    Str: 13    XL:     17   Next: 56%
Magic:  30/30      EV: 14    Int: 11    God:    Nemelex Xobeh [******]
Gold:   696        SH:  0    Dex: 13    Spells: 7/34 levels left

rFire   + .          .
                       - Unarmed
rCold   + . .        (shield currently unavailable)
rNeg    . . .        w - +0 swamp dragon scales
rPois   +            h - +0 helmet of Uhohu {Rampage Regen+ Str-4 Slay+3}
rElec   .            v - scarf {rC+ rF+}
rCorr   +            S - melded +0 pair of gloves
SInv    +            n - +1 pair of boots {Fly}
Will    ++...        P - amulet of faith
Stlth   +            c - +4 ring of protection
HPRegen 1.24/turn    t - ring of Goihyud {Will+ rCorr Int-2 SInv}
MPRegen 0.22/turn

%: rampage, faith
@: about to teleport, blade hands (expiring), flying
A: clumsy 1
a: End Transformation, Renounce Religion, Draw Escape, Draw Destruction, Draw
Summoning, Draw Stack, Triple Draw, Deal Four, Stack Five


You were on level 3 of the Spider Nest.
You worshipped Nemelex Xobeh.
Nemelex Xobeh was exalted by your worship.
You had blades for hands.
You visited 5 branches of the dungeon, and saw 27 of its levels.
You also visited: Ossuary, Bailey and Ice Cave.

You collected 2842 gold pieces.
You spent 2146 gold pieces at shops.

Inventory:

Missiles
 d - 11 boomerangs
 m - 6 atropa-tipped darts
 M - 33 poisoned darts
 O - 8 curare-tipped darts
 Y - a throwing net
Armour
 h - the +0 helmet of Uhohu (worn) {Rampage Regen+ Str-4 Slay+3}
   (You acquired it on level 1 of the Dungeon)

   Str:       It affects your strength (-4).
   Slay:      It affects your accuracy & damage with ranged weapons and melee
   (+3).
   Regen:     It increases your rate of health regeneration.
   Rampage:   It bestows one free step when moving towards enemies.
 n - a +1 pair of boots of flying (worn)
 v - a scarf of resistance (worn)
 w - +0 swamp dragon scales (worn)
 L - a +1 troll leather armour {Snorg}
 S - a +0 pair of gloves (melded)
Jewellery
 b - a ring of resist corrosion
 c - a +4 ring of protection (left blade hand)
 q - the ring "Ewokh" {rElec rF- rN+++ Slay+3 SInv Stlth-}
   (You found it on level 2 of the Dungeon)

   [ring of see invisible]

   Slay:      It affects your accuracy & damage with ranged weapons and melee
   (+3).
   rF:        It makes you vulnerable to fire.
   rElec:     It insulates you from electricity.
   rN:        It renders you almost immune to negative energy.
   SInv:      It lets you see invisible.
   Stlth:     It makes you less stealthy.
 t - the ring of Goihyud (right blade hand) {Will+ rCorr Int-2 SInv}
   (You found it on level 5 of the Lair of Beasts)

   [ring of see invisible]

   Int:       It affects your intelligence (-2).
   SInv:      It lets you see invisible.
   rCorr:     It protects you from acid and corrosion.
   Will:      It increases your willpower.
 y - the ring of the Hidden Visionaries {Fly rF- rC+ Slay+3}
   (You found it on level 13 of the Dungeon)

   [ring of flight]

   Slay:      It affects your accuracy & damage with ranged weapons and melee
   (+3).
   rF:        It makes you vulnerable to fire.
   rC:        It protects you from cold.
   Fly:       It grants you flight.
 P - an amulet of faith (around neck)
Wands
 a - a wand of iceblast (11)
 C - a wand of charming (18)
 F - a wand of polymorph (20)
 H - a wand of flame (73)
 I - a wand of mindburst (17)
 W - a wand of digging (4)
Scrolls
 e - 5 scrolls of fog
 j - a scroll of silence
 l - 13 scrolls of teleportation
 p - 7 scrolls of magic mapping
 r - 5 scrolls of immolation
 s - 5 scrolls of poison
 B - 2 scrolls of fear
 E - 5 scrolls of vulnerability
 G - a scroll of enchant armour
 Q - 4 scrolls of summoning
 R - a scroll of blinking
 U - a scroll of torment
Potions
 f - 12 potions of curing
 g - 5 potions of heal wounds
 i - a potion of ambrosia
 o - a potion of magic
 u - 4 potions of berserk rage
 x - 8 potions of brilliance
 z - 2 potions of cancellation
 A - 4 potions of might
 D - 5 potions of invisibility
 J - 3 potions of haste
 N - 4 potions of lignification
 T - 2 potions of resistance
 X - 2 potions of flight
Miscellaneous
 k - a box of beasts
 K - a phantom mirror


   Skills:
 + Level 12.2 Fighting
 + Level 8.9 Dodging
 * Level 15.9 Unarmed Combat
 + Level 9.3 Spellcasting
 + Level 7.6 Translocations
 * Level 12.3 Transmutations
 - Level 5.0 Air Magic
 + Level 13.3 Invocations


You had 7 spell levels left.
You knew the following spells:

 Your Spells              Type           Power      Damage    Failure   Level
a - Manifold Assault      Tloc           22%        N/A       52%         4
b - Spider Form           Tmut/Pois      18%        N/A       38%         3
c - Blade Hands           Tmut           16%        N/A       34%         5
d - Ice Form              Ice/Tmut       18%        N/A       67%         4
e - Blink                 Tloc           44%        N/A       21%         2
f - Storm Form            Tmut/Air       12%        N/A       100%        7
w - Wereblood             Tmut           32%        N/A       10%         2

Your spell library contained the following spells:

 Spells                   Type           Power      Damage    Failure   Level
 Beastly Appendage        Tmut           64%        N/A       9%          1
 Lesser Beckoning         Tloc           44%        N/A       21%         2
 Gell's Gravitas          Tloc           22%        N/A       28%         3
 Teleport Other           Tloc           22%        N/A       28%         3
 Momentum Strike          Conj/Tloc      26%        3d8       45%         2
 Passage of Golubria      Tloc           22%        N/A       52%         4
 Portal Projectile        Hex/Tloc       26%        N/A       61%         3
 Volatile Blastmotes      Fire/Tloc      26%        2d12      61%         3
 Freeze                   Ice            20%        1d4       73%         1
 Kiss of Death            Conj/Necr      20%        2d7       73%         1
 Magic Dart               Conj           20%        1d4       73%         1
 Summon Small Mammal      Summ           20%        N/A       73%         1
 Call Imp                 Summ           10%        N/A       83%         2
 Mephitic Cloud           Conj/Pois/Air  8%         N/A       83%         3
 Iskenderun's Mystic Bla  Conj/Tloc      13%        2d5       88%         4
 Irradiate                Conj/Tmut      9%         3d14      89%         5
 Call Canine Familiar     Summ           5%         N/A       95%         3
 Confusing Touch          Hex            5%         N/A       95%         3
 Frozen Ramparts          Ice            10%        1d2       95%         3
 Hailstorm                Conj/Ice       5%         3d4       95%         3
 Summon Guardian Golem    Hex/Summ       5%         N/A       95%         3
 Summon Lightning Spire   Summ/Air       10%        N/A       96%         4
 Dispersal                Tloc           11%        N/A       99%         6
 Dragon Form              Tmut           16%        N/A       99%         7
 Anguish                  Hex/Necr       2%         N/A       100%        4
 Cause Fear               Hex            2%         N/A       100%        4
 Dispel Undead            Necr           5%         3d7       100%        4
 Fulminant Prism          Conj/Hex       2%         3d5       100%        4
 Leda's Liquefaction      Hex/Erth       2%         N/A       100%        4
 Agony                    Necr           5%         N/A       100%        5
 Lee's Rapid Deconstruct  Erth           2%         3d5*      100%        5
 Silence                  Hex/Air        5%         N/A       100%        5
 Enfeeble                 Hex            2%         N/A       100%        7
 Lehudib's Crystal Spear  Conj/Erth      2%         10d2      100%        8
 Maxwell's Capacitive Co  Air            8%         ∞         100%        8


Dungeon Overview and Level Annotations

Branches:
Dungeon (15/15)            Temple (1/1) D:5            Lair (5/5) D:10
 Shoals (0/4) Lair:2       Spider (4/4) Lair:2        Slime (0/5) Lair:5
    Orc (2/2) D:12            Elf (0/3) Orc:2        Vaults (0/5) D:14
 Depths (0/4) D:15        Ossuary (visited)          Bailey (visited)
  IceCv (visited)

Altars:
Fedhas
Kikubaaqudgha
Nemelex Xobeh
Ru
Uskayaw
Wu Jian
Yredelemnul
Zin
The Shining One
Jiyva

Shops:
D:7 *   D:11 [   Orc:2 [((:*[!?=

Portals:
Trove: D:14 (give 17 potions of curing)

Annotations:
Lair:3 3 runed translucent doors, Ashen's ghost, journeyman OgIE; fun123's ghost, journeyman OpEE


Innate Abilities, Weirdness & Mutations

You have blades for hands.
Your spellcasting is less reliable in this form.
You are incapable of wielding weapons or throwing items.
You are clumsy. (Dex -2)


Message History

The tarantella barely misses you.
The spark wasp attacks as you move away!
The spark wasp closely misses you. The spark wasp stings you!
The spark wasp shocks you!
There is a stone staircase leading up here.
The tarantella looks more healthy.
The redback bites you but does no damage.
The spark wasp stings you! The spark wasp shocks you!
The tarantella touches you but does no damage.
The redback barely misses you.
You fly upwards.
There is a stone staircase leading down, spattered with blood here.
Unknown command.
You slice the tarantella!!
You kill the tarantella!
The spark wasp barely misses you. The redback closely misses you.
Unknown command.
You closely miss the spark wasp. Your slash misses the spark wasp.
The spark wasp stings you but does no damage.
The redback barely misses you. The spark wasp stings you!
The spark wasp shocks you!
Unknown command.
You closely miss the spark wasp. The redback barely misses you.
The spark wasp stings you! The spark wasp shocks you!
* * * LOW HITPOINT WARNING * * *
Unknown command.
As you read the scroll of teleportation, it crumbles to dust.
You feel strangely unstable. The redback bites you.
* * * LOW HITPOINT WARNING * * *
The spark wasp stings you!!
* * * LOW HITPOINT WARNING * * *
The spark wasp shocks you!
* * * LOW HITPOINT WARNING * * *
You feel much better. The redback bites you.
* * * LOW HITPOINT WARNING * * *
The spark wasp stings you!
* * * LOW HITPOINT WARNING * * *
The spark wasp shocks you!
You die...
Your body glows slightly and disappears.

....#..#..########..†.^## #
.#..#.#####..## ##..#### #
###.### ##...#####.†#..## # #####
#....#†>.#......## # ..##
###..^..†.##.....^# # ..^#
#....>...##...##### # ...#
##........#..##..## ..##
##.#....s.)##....# .######
####^.@..##.....# ....#.##
###..y.#.....## ....#..###
#......#.....## .......^.#
##............##
.........####........#.....#
###.....^..####...>.##..^########
.####.....##..#......##### #....#
.##......##..##....^##.# #.....
.#.....?.....^....#....#####..###


You could see a spark wasp and a redback.

Vanquished Creatures
  Jorgrun (D:14)
  An emperor scorpion (Spider:2)
  3 ghost moths
  A very ugly thing (IceCv)
  3 broodmothers
  Snorg (D:14)
  An ettin (Orc:1)
  2 entropy weavers
  A fire dragon (D:15)
  An ice dragon (D:15)
  A shambling mangrove (Lair:5)
  2 ogre magi
  8 vault guards (D:14)
  6 hydras
  A jorogumo (Spider:3)
  6 boulder beetles
  3 radroaches
  6 two-headed ogres
  7 centaur warriors
  3 death yaks (Lair:5)
  A tengu warrior (D:13)
  Amaemon (D:9)
  2 skysharks
  3 skeletal warriors (D:13)
  6 pharaoh ants
  A fire crab (D:9)
  A sun moth (Spider:2)
  A glowing orange brain (D:12)
  An orange crystal statue (IceCv)
  A deep troll (Orc:2)
  3 orb spiders
  10 steelbarb worms
  2 harpies (Lair:2)
  4 deep elf pyromancers
  2 wizards
  4 orc knights
  An oklob plant (Lair:4)
  12 wolf spiders
  A shining eye (Spider:4)
  An orc sorcerer (Orc:2)
  8 manticores
  8 ugly things
  2 cyclopes
  2 moths of wrath
  17 elephants (Lair:5)
  5 large abominations (D:13)
  3 demonic crawlers
  3 black mambas
  7 cane toads
  An orange demon (D:9)
  2 unseen horrors
  6 torpor snails
  A rime drake (D:10)
  A kobold demonologist (D:10)
  3 komodo dragons
  3 freezing wraiths (IceCv)
  Maggie (D:7)
  A tengu conjurer (D:15)
  A yaktaur (Orc:2)
  A queen bee (Spider:4)
  A meliai (shapeshifter) (D:14)
  11 trolls
  Grinder (D:4)
  22 tarantellas
  2 meliai (D:11)
  4 polar bears
  Prince Ribbit (D:9)
  9 blink frogs
  12 jumping spiders
  3 shadows
  4 spriggans
  A centaur simulacrum (D:14)
  3 slime creatures
  18 culicivoras
  62 yaks
  3 dire elephant simulacra (IceCv)
  Sigmund (D:5)
  3 wyverns
  A basilisk (shapeshifter) (D:14)
  A steam dragon (D:12)
  3 basilisks
  4 vampire mosquitoes (D:14)
  A harpy simulacrum (IceCv)
  48 redbacks
  2 wargs (Orc:1)
  4 acid dragons
  15 water moccasins
  2 floating eyes (D:12)
  A swamp drake (D:9)
  A hydra simulacrum (IceCv)
  3 ettin simulacra (IceCv)
  7 ice beasts
  13 orc warriors
  3 black bears
  21 wolves
  22 ogres
  10 centaurs
  Blork the orc (D:9)
  3 kobold brigands
  2 gnoll sergeants (D:8)
  11 bullfrogs
  3 scorpions
  3 water moccasin zombies (Ossuary)
  16 wights
  7 small abominations (D:13)
  7 killer bees
  2 lindwurm simulacra (IceCv)
  7 howler monkeys
  A crimson imp (D:9)
  4 bullfrog zombies (Ossuary)
  2 centaur zombies (Ossuary)
  7 orc priests
  A hound (D:4)
  An iron imp (D:9)
  6 jellies
  A sleepcap (D:6)
  2 human zombies (Ossuary)
  2 iguanas (D:5)
  Crazy Yiuf (D:3)
  2 scorpion zombies (Ossuary)
  Natasha (thrice) (D:3)
  10 orc wizards
  Ijyb (D:3)
  6 hell rats (Lair:5)
  Robin (D:4)
  14 gnolls
  5 adders
  2 river rats
  A shadow imp (D:9)
  2 white imps
  3 ufetubi
  An adder zombie (Ossuary)
  3 worms
  5 dart slugs
  41 orcs
  6 ball pythons
  4 endoplasms
  5 giant cockroaches
  12 hobgoblins
  5 quokkas
  4 bats
  6 frilled lizards
  2 gnoll zombies (Ossuary)
  16 goblins
  2 goblin zombies (Ossuary)
  5 hobgoblin zombies (Ossuary)
  10 kobolds
  An orc zombie (Ossuary)
  6 rats
789 creatures vanquished.

Vanquished Creatures (collateral kills)
  A very ugly thing (IceCv)
  A shambling mangrove (Lair:5)
  A caustic shrike simulacrum (IceCv)
  A hydra (Lair:5)
  A deep troll shaman (Lair:5)
  4 two-headed ogres
  A catoblepas (Lair:5)
  A death yak (Lair:5)
  A deep troll (Orc:2)
  An orange crystal statue (IceCv)
  2 harpies (Lair:2)
  An oklob plant (Lair:5)
  A cyclops (Orc:2)
  2 freezing wraiths (IceCv)
  A golden dragon simulacrum (IceCv)
  4 komodo dragons (Lair:3)
  A troll (Orc:2)
  A tarantella (Spider:3)
  3 hornets
  3 culicivoras (Spider:3)
  A yak (Orc:2)
  A steam dragon (Bailey)
  6 redbacks (Spider:3)
  A water moccasin (Lair:3)
  A swamp drake (shapeshifter) (Orc:2)
  6 ogres (Orc:2)
  A wolf (D:10)
49 creatures vanquished.

Vanquished Creatures (others)
  A caustic shrike simulacrum (IceCv)
  A torpor snail (Spider:2)
2 creatures vanquished.

Grand Total: 840 creatures vanquished

Notes
Turn   | Place    | Note
-------+----------+-------------------------------------------
     0 | D:1      | mopl the Hill Orc Transmuter began the quest for the Orb.
     0 | D:1      | Reached XP level 1. HP: 16/16 MP: 3/3
   151 | D:1      | Found Opta's Magic Scroll Shop.
   194 | D:1      | Reached XP level 2. HP: 23/23 MP: 4/4
   230 | D:1      | Learned a level 2 spell: Wereblood
  1122 | D:2      | Reached skill level 4 in Unarmed Combat
  1122 | D:2      | Reached XP level 3. HP: 18/28 MP: 5/5
  1395 | D:2      | Identified the ring "Ewokh" {rElec rF- rN+++ Slay+3 SInv
                  | Stlth-}
  1544 | D:2      | Reached XP level 4. HP: 27/35 MP: 7/7
  1548 | D:2      | Learned a level 3 spell: Spider Form
  2053 | D:3      | Identified the +3 whip "Jirhiur" {speed, Int+4}
  2095 | D:3      | Found a faded altar of an unknown god.
  2155 | D:3      | Noticed Ijyb
  2177 | D:3      | Killed Ijyb
  2336 | D:3      | Found a runed translucent door.
  2368 | D:3      | Noticed Crazy Yiuf
  2375 | D:3      | Killed Crazy Yiuf
  2376 | D:3      | Reached XP level 5. HP: 40/40 MP: 4/8
  2725 | D:3      | Noticed a black bear
  2748 | D:3      | Killed a black bear
  2749 | D:3      | Reached XP level 6. HP: 23/47 MP: 5/10
  2939 | D:4      | Noticed Robin
  3025 | D:4      | Noticed Natasha
  3038 | D:3      | Killed Natasha
  3539 | D:3      | Noticed Natasha
  3545 | D:3      | Killed Natasha
  3650 | D:3      | Found a faded altar of an unknown god.
  3844 | D:3      | Noticed Natasha
  3850 | D:3      | Killed Natasha
  4340 | D:4      | Reached skill level 5 in Unarmed Combat
  4490 | D:4      | Killed Robin
  4502 | D:4      | Reached XP level 7. HP: 49/52 MP: 6/12
  4723 | D:3      | Learned a level 4 spell: Ice Form
  4937 | D:4      | HP: 2/52 [wight/+4 long sword (8)]
  5264 | D:4      | Noticed Grinder
  5302 | D:4      | Killed Grinder
  5452 | D:4      | Reached XP level 8. HP: 56/59 MP: 14/14
  5524 | D:1      | Bought a scroll of noise for 11 gold pieces
  5524 | D:1      | Bought a scroll of fog for 44 gold pieces
  5524 | D:1      | Bought a scroll of amnesia for 44 gold pieces
  5524 | D:1      | Bought a scroll of identify for 22 gold pieces
  5524 | D:1      | Bought a scroll of enchant weapon for 82 gold pieces
  5524 | D:1      | Bought a scroll of identify for 22 gold pieces
  5524 | D:1      | Bought a scroll of identify for 22 gold pieces
  5816 | D:5      | Entered Level 5 of the Dungeon
  5914 | D:5      | Reached skill level 6 in Unarmed Combat
  6175 | D:5      | Found a staircase to the Ecumenical Temple.
  6184 | Temple   | Entered the Ecumenical Temple
  6191 | Temple   | Became a worshipper of Nemelex Xobeh the Trickster
  6275 | D:5      | Found a basalt altar of Yredelemnul.
  6324 | D:5      | Learned a level 2 spell: Blink
  6396 | D:5      | Noticed Sigmund
  6401 | D:5      | Killed Sigmund
  6402 | D:5      | Reached skill level 5 in Spellcasting
  6402 | D:5      | Reached skill level 5 in Transmutations
  6402 | D:5      | Reached skill level 1 in Invocations
  6544 | D:5      | Reached skill level 1 in Translocations
  6716 | D:5      | Reached XP level 9. HP: 67/67 MP: 12/16
  6820 | D:1      | Bought 3 scrolls of teleportation for 99 gold pieces
  6820 | D:1      | Bought 3 scrolls of identify for 66 gold pieces
  7400 | D:6      | Reached * piety under Nemelex Xobeh
  7467 | D:6      | Found a sand-covered staircase.
  7472 | Ossuary  | Entered an ossuary
  7554 | Ossuary  | Received a gift from Nemelex Xobeh
  8077 | Ossuary  | Noticed a silent spectre
  8938 | D:6      | Reached skill level 7 in Unarmed Combat
  9309 | D:7      | Found Cittim's Neck Hole.
  9387 | D:7      | Identified the +2 robe of Valiance {Rampage}
  9559 | D:7      | Reached XP level 10. HP: 74/78 MP: 13/18
  9851 | D:7      | Reached ** piety under Nemelex Xobeh
  9902 | D:7      | Noticed Maggie
  9921 | D:7      | Killed Maggie
  9932 | D:7      | Received a gift from Nemelex Xobeh
 10156 | D:7      | Found a hide-covered altar of Uskayaw.
 10156 | D:7      | Found an ancient bone altar of Kikubaaqudgha.
 10344 | D:8      | Reached skill level 5 in Invocations
 10800 | D:8      | Reached skill level 5 in Fighting
 10920 | D:8      | Identified the +0 leather armour "Ateobups" {-Tele Str+5
                  | Slay+3}
 11665 | D:9      | Received a gift from Nemelex Xobeh
 11666 | D:9      | Noticed Prince Ribbit
 11681 | D:9      | Killed Prince Ribbit
 11696 | D:9      | Reached *** piety under Nemelex Xobeh
 11739 | D:9      | Found a glowing silver altar of Zin.
 11801 | D:9      | Reached XP level 11. HP: 43/88 MP: 20/20
 11822 | D:9      | Found a flagged portal.
 11835 | D:9      | Reached skill level 8 in Unarmed Combat
 11886 | Bailey   | Entered a bailey
 12467 | Bailey   | Noticed a two-headed ogre
 12472 | Bailey   | Killed a two-headed ogre
 12515 | Bailey   | Identified a scroll of acquirement
 12788 | D:1      | Bought 2 scrolls of magic mapping for 165 gold pieces
 12789 | D:1      | Acquired the +0 helmet of Uhohu {Rampage Regen+ Str-4
                  | Slay+3}
 13021 | D:9      | Noticed Blork the orc
 13059 | D:9      | Killed Blork the orc
 13121 | D:9      | Noticed a deep elf zephyrmancer
 13122 | D:9      | a deep elf zephyrmancer changed into a fire crab
 13122 | D:9      | Noticed a fire crab
 13128 | D:9      | Killed a fire crab
 13135 | D:9      | Noticed Amaemon
 13152 | D:9      | Killed Amaemon
 13571 | D:9      | Identified the +4 hat of Resilience {Dex+5}
 13753 | D:9      | Found a glowing golden altar of the Shining One.
 13903 | D:10     | Entered Level 10 of the Dungeon
 13954 | D:10     | Reached **** piety under Nemelex Xobeh
 14368 | D:10     | Reached skill level 9 in Unarmed Combat
 14376 | D:10     | Received a gift from Nemelex Xobeh
 14380 | D:10     | Found a staircase to the Lair.
 14879 | D:10     | Reached XP level 12. HP: 97/97 MP: 21/21
 15117 | D:11     | Reached skill level 5 in Dodging
 15348 | D:11     | Received a gift from Nemelex Xobeh
 15412 | D:11     | Noticed a centaur warrior
 15471 | D:11     | Killed a centaur warrior
 15545 | D:11     | Noticed a sun demon
 15901 | D:11     | Reached ***** piety under Nemelex Xobeh
 15935 | D:11     | Noticed a boulder beetle
 15946 | D:11     | Killed a boulder beetle
 16118 | D:11     | Found Vohak Tet's Armour Shop.
 16332 | Lair:1   | Entered Level 1 of the Lair of Beasts
 16453 | Lair:1   | Reached skill level 5 in Translocations
 16456 | Lair:1   | Reached skill level 10 in Unarmed Combat
 16609 | Lair:1   | Received a gift from Nemelex Xobeh
 16976 | Lair:1   | Received a gift from Nemelex Xobeh
 17291 | Lair:2   | Noticed a skyshark
 17304 | Lair:2   | Killed a skyshark
 17454 | Lair:2   | Received a gift from Nemelex Xobeh
 17647 | Lair:2   | Found a hole to the Spider Nest.
 17877 | Lair:2   | Received a gift from Nemelex Xobeh
 17921 | Lair:2   | Reached XP level 13. HP: 43/107 MP: 21/23
 17977 | Lair:2   | Found a staircase to the Shoals.
 18485 | Lair:3   | Reached skill level 11 in Unarmed Combat
 18694 | Lair:3   | Found a runed translucent gate.
 18695 | Lair:3   | Found a runed translucent gate.
 18696 | Lair:3   | Found a runed translucent gate.
 18697 | Lair:3   | Noticed fun123's ghost (journeyman OpEE)
 18697 | Lair:3   | Noticed Ashen's ghost (journeyman OgIE)
 18719 | Lair:3   | Received a gift from Nemelex Xobeh
 19037 | Lair:3   | Received a gift from Nemelex Xobeh
 19715 | Lair:4   | Received a gift from Nemelex Xobeh
 19865 | Lair:4   | Received a gift from Nemelex Xobeh
 19908 | Lair:4   | Reached ****** piety under Nemelex Xobeh
 19944 | Lair:4   | Identified the +1 flail of Beogh, Kissing {freeze, rPois
                  | rC+ Str+2 Stlth-}
 20322 | Lair:4   | Received a gift from Nemelex Xobeh
 20421 | Lair:5   | Entered Level 5 of the Lair of Beasts
 20887 | Lair:5   | Received a gift from Nemelex Xobeh
 20969 | Lair:5   | Found an ornate altar of the Wu Jian Council.
 20970 | Lair:5   | Found a hide-covered altar of Uskayaw.
 21020 | Lair:5   | Reached skill level 12 in Unarmed Combat
 21027 | Lair:5   | Reached skill level 10 in Invocations
 21045 | Lair:5   | Reached XP level 14. HP: 118/118 MP: 14/25
 21189 | Lair:5   | Reached skill level 10 in Transmutations
 21448 | Lair:5   | Got Sif Muna's Octavo of Bloody Points
 21506 | Lair:5   | Learned a level 4 spell: Manifold Assault
 21764 | Lair:5   | Received a gift from Nemelex Xobeh
 21795 | Lair:5   | Identified the ring of Goihyud {Will+ rCorr Int-2 SInv}
 21799 | Lair:5   | Identified the +3 hand axe of Kechuo Naxal {heavy, rF+
                  | Dex+3}
 21912 | Lair:5   | Found a viscous altar of Jiyva.
 21936 | Lair:5   | Found a staircase to the Slime Pits.
 21947 | Lair:5   | Identified the -1 long sword "Beetlebane" {pain, rF+ Dex+4}
 22236 | D:12     | Found a staircase to the Orcish Mines.
 22594 | D:12     | Reached skill level 13 in Unarmed Combat
 22672 | D:12     | Received a gift from Nemelex Xobeh
 22818 | D:12     | Reached skill level 10 in Fighting
 23321 | D:12     | Learned a level 7 spell: Storm Form
 23335 | Orc:1    | Entered Level 1 of the Orcish Mines
 23923 | Orc:2    | Entered Level 2 of the Orcish Mines
 23923 | Orc:2    | Received a gift from Nemelex Xobeh
 23936 | Orc:2    | Found Loedetz's Antique Weapon Shoppe.
 24031 | Orc:2    | Identified the -2 hand axe "Qejufok" {antimagic, rC- rN+
                  | Will+ SInv}
 24033 | Orc:2    | Reached skill level 1 in Air Magic
 24037 | Orc:2    | Reached XP level 15. HP: 70/126 MP: 19/27
 24135 | Orc:2    | Found Tuog's General Store.
 24141 | Orc:2    | Found Voeps's Distillery.
 24142 | Orc:2    | Found Oryb's Magic Scroll Emporium.
 24144 | Orc:2    | Bought a scroll of teleportation for 45 gold pieces
 24149 | Orc:2    | Bought a potion of heal wounds for 70 gold pieces
 24152 | Orc:2    | Found Terifal's Antique Armour Shop.
 24202 | Orc:2    | Received a gift from Nemelex Xobeh
 24313 | Orc:2    | Found Koosem's Book Shoppe.
 24314 | Orc:2    | Found Yttiddaa's Jewellery Emporium.
 24407 | Orc:2    | Found Lyvutt's Weapon Boutique.
 24442 | Orc:2    | Received a gift from Nemelex Xobeh
 24445 | Orc:2    | Found Taofejes's Antique Armour Shoppe.
 24452 | Orc:2    | Bought a pair of embroidered boots for 262 gold pieces
 24473 | Orc:2    | Found a staircase to the Elven Halls.
 24961 | Orc:2    | Bought a book of Transfigurations for 680 gold pieces
 24967 | Orc:2    | Learned a level 5 spell: Blade Hands
 25112 | D:7      | Bought a scarf of resistance for 512 gold pieces
 25283 | D:13     | Received a gift from Nemelex Xobeh
 25463 | D:13     | Received a gift from Nemelex Xobeh
 25696 | D:13     | Identified the +1 helmet of Lesser Demons {Contam Regen+
                  | Int+5}
 25938 | D:13     | Identified the ring of the Hidden Visionaries {Fly rF- rC+
                  | Slay+3}
 25976 | D:13     | Received a gift from Nemelex Xobeh
 26345 | D:14     | Found a portal to a secret trove of treasure.
 26409 | D:14     | Received a gift from Nemelex Xobeh
 26448 | D:14     | Found a gate to the Vaults.
 26452 | D:14     | Reached skill level 14 in Unarmed Combat
 26518 | D:14     | Found a frozen archway.
 26522 | IceCv    | Entered an ice cave
 27055 | D:14     | Noticed Jorgrun
 27073 | D:14     | Killed Jorgrun
 27074 | D:14     | Reached XP level 16. HP: 10/137 MP: 24/28
 27246 | D:14     | Received a gift from Nemelex Xobeh
 27381 | D:14     | Noticed Snorg
 27388 | D:14     | Killed Snorg
 27614 | D:15     | Entered Level 15 of the Dungeon
 27831 | D:15     | Received a gift from Nemelex Xobeh
 28029 | D:15     | Found a blossoming altar of Fedhas.
 28328 | D:15     | Found a staircase to the Depths.
 28481 | D:15     | Received a gift from Nemelex Xobeh
 28835 | Spider:1 | Entered Level 1 of the Spider Nest
 29297 | Spider:1 | Reached skill level 15 in Unarmed Combat
 29497 | Spider:1 | Received a gift from Nemelex Xobeh
 30736 | Spider:2 | Reached XP level 17. HP: 145/146 MP: 30/30
 30804 | Spider:2 | Received a gift from Nemelex Xobeh
 31255 | Spider:2 | Identified the +0 leather armour "Iliduu" {rN++ Slay+5}
 31740 | Spider:3 | Received a gift from Nemelex Xobeh
 32589 | Spider:3 | Received a gift from Nemelex Xobeh
 33134 | Spider:4 | Entered Level 4 of the Spider Nest
 33258 | Spider:4 | HP: 6/146 [culicivora (17)]
 33370 | Spider:4 | Gained mutation: You are clumsy. (Dex -2) [a shining eye]
 33479 | Spider:4 | Reached skill level 5 in Air Magic
 33581 | Spider:3 | HP: 4/146 [spark wasp (12)]
 33582 | Spider:3 | Slain by a spark wasp

Illustrated notes

Levels and vault maps discovered:
D:1:      wander_arrival_lonely_grave, layout_basic, serial_shops,
          nicolae_shop_tiny_waterfront, minmay_misc_feat_roman
D:2:      layout_basic, kennysheep_generic_room_8
D:3:      minmay_bubble_buster, layout_basic,
          ebering_ecumenical_altar_abandoned, uniq_ijyb, uniq_crazy_yiuf_cottage
D:4:      layout_cave_pools, guppyfry_early_lair_pool, uniq_robin, uniq_grinder,
          uniq_natasha
D:5:      layout_loops_corners, old_standard_altar,
          minmay_temple_entry_drinking_statues, minmay_bent, uniq_sigmund
D:6:      layout_basic, enter_ossuary_5, minmay_stone_trees_small,
          chequers_serial_rivers_large_a
D:7:      layout_loops_cross, nicolae_overflow_two_pavilions,
          nicolae_shop_sticking_my_neck_out, uniq_maggie
D:8:      layout_loops_ring
D:9:      layout_irregular_city, old_standard_altar,
          nicolae_tso_swordbearing_angel, enter_bailey_5, hangedman_minor_magic,
          uniq_amaemon, uniq_prince_ribbit1
D:10:     minmay_evil_eye, layout_loops_corners, hellmonk_lair_entry_icy
D:11:     layout_cave_pods, serial_shops, shop
D:12:     layout_gridville, orc_0_dummy
D:13:     layout_irregular_city, laboratory
D:14:     layout_gridville, erik_vaults_2, nicolae_trove_entry_free_sample,
          portal_ice_cave_entry_pillars_three, minmay_misc_feat_enclosed,
          uniq_jorgrun, uniq_snorg
D:15:     grunt_enter_depths_hoard, layout_irregular_city, fedhas_altar_2
Temple:   minmay_crystal_spiral_temple
Lair:1:   layout_chaotic_city, st_stairs_12, lemuel_fruit_tree
Lair:2:   layout_regular_city, nicolae_shoals_entry_roost,
          spider_nest_entry_funnel_web
Lair:3:   layout_cellular_growth, gammafunk_ghost_cemetery,
          chequers_serial_rivers_micro_b, beast_lair_carwin_1
Lair:4:   layout_gridlike, st_stairs_12
Lair:5:   grunt_lair_end_beastmaster, layout_loops_ring,
          minmay_slime_entry_oklob_enclosed, chequers_serial_rivers_small_b,
          nzn_masters_of_martial_movement, serial_bayou_shore_b
Spider:1: layout_spider_delve, drop_trap, nicolae_spider_spiderdrome
Spider:2: layout_cave_pods
Spider:3: layout_spider_delve, hangedman_spider_tarantella_strand
Spider:4: grunt_spider_rune_circles
Orc:1:    layout_caves, nicolae_orc_rich_vein
Orc:2:    st_orc_open, layout_caves, serial_shops,
          nicolae_shop_tiny_statue_garden, nicolae_shop_advertising_works
          [nicolae_subvault_shop_adworks], nicolae_shop_tiny_glass, shop,
          nicolae_shop_gaudy_bauble

Skill      XL: |  1  2  3  4  5  6  7  8  9 10 11 12 13 14 15 16 17 |
---------------+----------------------------------------------------+-----
Unarmed Combat | 4 5 6 7 9 10 12 13 14 15 | 15.9
Spellcasting   | 2 3 4 5 6 7 8 9 |  9.3
Transmutations | 2 3 4 5 6 7 8 9 10 11 12 | 12.3
Invocations    | 2 4 5 7 8 10 11 12 13 | 13.3
Fighting       | 2 3 5 6 8 9 10 11 12 | 12.2
Dodging        | 2 3 4 5 6 7 8 |  8.9
Translocations | 1 2 3 4 5 6 7 |  7.6
Air Magic      | 1 3 4 5 |  5.0

Action                     |  1- 3 |  4- 6 |  7- 9 | 10-12 | 13-15 | 16-18 || total
---------------------------+-------+-------+-------+-------+-------+-------++-------
  Melee: Unarmed           |   127 |   152 |   467 |   678 |  1117 |   632 ||  3173
         Punch             |     2 |     3 |    19 |    11 |    80 |    81 ||   196
         Kick              |       |     4 |     8 |    18 |       |       ||    30
         Headbutt          |       |     2 |     5 |    11 |       |       ||    18
   Cast: Spider Form       |       |    11 |    26 |    28 |    21 |       ||    86
         Beastly Appendage |       |     3 |     5 |     4 |       |       ||    12
         Ice Form          |       |       |     1 |    20 |    15 |     2 ||    38
         Wereblood         |       |       |     1 |     9 |    20 |       ||    30
         Manifold Assault  |       |       |       |       |     5 |       ||     5
         Blade Hands       |       |       |       |       |    16 |    77 ||    93
         Blink             |       |       |       |       |     3 |     4 ||     7
 Invoke: Draw Escape       |       |       |     1 |       |       |     3 ||     4
         Draw Destruction  |       |       |       |    11 |    26 |     7 ||    44
         Draw Summoning    |       |       |       |     5 |    11 |       ||    16
         Stack Five        |       |       |       |       |     1 |       ||     1
         Deal Four         |       |       |       |       |     1 |     1 ||     2
         Draw Stack        |       |       |       |       |     1 |     2 ||     3
Ability: End Transformatio |       |       |     1 |    10 |    10 |     2 ||    23
  Evoke: Wand              |       |       |    14 |     1 |     6 |       ||    21
    Use: Scroll            |       |       |     7 |    15 |     3 |     8 ||    33
         Potion            |       |       |     1 |     3 |     4 |     7 ||    15
   Stab: Sleeping          |       |     1 |     2 |       |     1 |       ||     4
         Distracted        |       |       |       |       |     2 |       ||     2
         Petrified         |       |       |       |       |     4 |     1 ||     5
         Petrifying        |       |       |       |       |       |     1 ||     1
 Armour: Robe              |    43 |    34 |   127 |    39 |       |       ||   243
         Skin              |       |    18 |    30 |   115 |    93 |    11 ||   267
         Troll leather arm |       |       |       |    63 |   177 |    48 ||   288
         Swamp dragon scal |       |       |       |       |       |   218 ||   218
  Dodge: Dodged            |    79 |   116 |   295 |   525 |   680 |   455 ||  2150
